 Dungeon Crawl Stone Soup version 0.30.0-5-g1a98f26d00 (webtiles) character file.

Game seed: 11426665002165642052

1087 MacCMillion the Ruffian (level 8, -3/79 HPs)
             Began as a Troll Fighter on May 11, 2023.
             Slain by a troll (6 damage)
             ... on level 6 of the Dungeon.
             The game lasted 00:06:47 (4892 turns).

MacCMillion the Ruffian (Troll Fighter)             Turns: 4892, Time: 00:06:47

Health: -3/79      AC:  4    Str: 27    XL:     8   Next: 9%
Magic:  7/7        EV:  9    Int:  4    God:
Gold:   257        SH:  8    Dex:  9    Spells: 7/7 levels left

rFire   . .          .
                       - Unarmed
rCold   . . .        b - +0 kite shield
rNeg    + . .        a - +0 robe
rPois   .            u - +0 hat
rElec   .            (no cloak)
rCorr   .            (gloves unavailable)
SInv    .            (boots unavailable)
Will    .....        (no amulet)
Stlth   +            m - ring of positive energy
HPRegen 1.13/turn    (no ring)
MPRegen 0.10/turn

%: no passive effects
@: no status effects
A: large, unfitting armour, claws 3, regeneration 1, shaggy fur 1, tough skin 1
a: no special abilities


You were on level 6 of the Dungeon.
You visited 1 branch of the dungeon, and saw 6 of its levels.

You collected 257 gold pieces.

Inventory:

Missiles
 o - 3 poisoned darts (quivered)
 v - 2 javelins
 C - 7 boomerangs
Armour
 a - a +0 robe (worn)
 b - a +0 kite shield (worn)
 u - a +0 hat (worn)
Jewellery
 i - a ring of ice
 l - a +6 ring of intelligence
 m - a ring of positive energy (left claw)
Wands
 H - a wand of roots (14)
Scrolls
 d - 3 scrolls of enchant weapon {unknown}
 h - 4 scrolls of identify {unknown}
 j - 3 scrolls of blinking {unknown}
 k - 3 scrolls of brand weapon {unknown}
 n - a scroll of torment {unknown}
 q - 4 scrolls of teleportation {unknown}
 r - a scroll of fear {unknown}
 t - 3 scrolls of poison {unknown}
 x - a scroll of noise {unknown}
 y - 7 scrolls of fog {unknown}
 z - 2 scrolls of butterflies {unknown}
 D - 2 scrolls of enchant armour {unknown}
 E - 2 scrolls of magic mapping {unknown}
 G - a scroll of vulnerability {unknown}
Potions
 c - 2 potions of might
 e - 2 potions of curing {unknown}
 f - 4 potions of degeneration {unknown}
 g - a potion of brilliance {unknown}
 p - 2 potions of attraction {unknown}
 s - 2 potions of resistance {unknown}
 w - a potion of haste {unknown}
 A - 4 potions of lignification {unknown}
 B - 3 potions of flight {unknown}
 F - a potion of mutation {unknown}


   Skills:
 + Level 4.4 Fighting
 + Level 3.5 Dodging
 + Level 4.9 Shields
 * Level 6.6 Unarmed Combat


You had 7 spell levels left.
You didn't know any spells.
Your spell library contained the following spells:

 Spells                   Type           Power      Damage    Failure   Level
 Apportation              Tloc           0%         N/A       73%         1
 Blink                    Tloc           0%         N/A       86%         2
 Cigotuvi's Dreadful Rot  Necr/Pois/Air  0%         N/A       86%         2
 Lesser Beckoning         Tloc           0%         N/A       86%         2
 Momentum Strike          Conj/Tloc      0%         3d8       86%         2
 Call Canine Familiar     Summ           0%         N/A       97%         3
 Dazzling Flash           Conj/Hex       0%         N/A       97%         3
 Ignite Poison            Fire/Tmut/Pois 0%         N/A       97%         3
 Portal Projectile        Hex/Tloc       0%         N/A       97%         3
 Vhi's Electric Charge    Tloc/Air       0%         N/A       97%         3
 Volatile Blastmotes      Fire/Tloc      0%         2d10      97%         3
 Iskenderun's Mystic Bla  Conj/Tloc      0%         2d3       100%        4
 Leda's Liquefaction      Hex/Erth       0%         N/A       100%        4
 Alistair's Intoxication  Tmut/Pois      0%         N/A       100%        5
 Arcjolt                  Conj/Air       0%         1d10      100%        5
 Freezing Cloud           Conj/Ice/Air   0%         6-21      100%        5
 Starburst                Conj/Fire      0%         6d3       100%        6
 Maxwell's Capacitive Co  Air            0%         ∞         100%        8


Dungeon Overview and Level Annotations

Branches:
Dungeon (6/15)
 Temple: D:4-7

Altars:
Dithmenos
Qazlal
Vehumet
Zin

Shops:
D:3 (   D:4 *

Annotations:
D:5 3 runed translucent doors, IndexError's ghost, novice DsFi


Innate Abilities, Weirdness & Mutations

You are too large for most types of armour.
You have claws for hands.
Your natural rate of healing is unusually fast.
You are covered in fur. (AC +1)
You have tough skin. (AC +1)


Message History

You closely miss the troll. The troll bites you. The troll closely misses you.
You block the troll's attack.
You scratch the troll.
The troll is lightly wounded.
The troll bites you. You block the troll's attack. x2
You claw the troll!
The troll is moderately wounded.
The troll barely misses you. The troll misses you.
You block the troll's attack.
You closely miss the troll.
The troll is moderately wounded.
The troll bites you! You block the troll's attack. The troll claws you.
You claw the troll!
The troll is heavily wounded.
The troll bites you! The troll closely misses you.
The troll claws you but does no damage.
You claw the troll!
The troll is severely wounded.
The troll barely misses you. You block the troll's attack. The troll claws you!
You closely miss the troll.
The troll is severely wounded.
The troll bites you. The troll barely misses you. The troll claws you.
You barely miss the troll.
The troll is severely wounded.
The troll bites you! The troll barely misses you. The troll claws you.
You scratch the troll.
The troll is severely wounded.
You block the troll's attack. The troll barely misses you. The troll claws you!
* * * LOW HITPOINT WARNING * * *
You closely miss the troll.
The troll is severely wounded.
The troll bites you!!
* * * LOW HITPOINT WARNING * * *
The troll claws you.
* * * LOW HITPOINT WARNING * * *
The troll barely misses you.
You barely miss the troll.
The troll is severely wounded.
The troll bites you.
You die...

.#.
.....##.>.###.#.#
.#
#..#..........#.#
..
...#.##.....### #
. #...........# .
.##.#......# .
....#......#
##........#
....##..####..#.
.##.....@T.....(
.....#..########
..##.#... .
...... ##.....#
#..#..# #..#..#
...#.


You could see a troll.

Vanquished Creatures
  A sky beast (D:5)
  4 phantoms
  2 scorpions
  A gnoll sergeant (D:5)
  A jelly (D:5)
  2 hounds
  3 iguanas
  2 orc wizards (D:3)
  9 adders
  9 gnolls (D:5)
  2 shadow imps (D:5)
  An ufetubus (D:6)
  A worm (D:3)
  2 dart slugs
  10 orcs
  6 bats
  9 endoplasms
  A giant cockroach (D:2)
  8 goblins
  3 hobgoblins (D:4)
  6 jackals
  5 quokkas
  8 ball pythons
  3 frilled lizards
  8 kobolds
  9 rats
116 creatures vanquished.

Vanquished Creatures (others)
  An endoplasm (D:2)
1 creature vanquished.

Grand Total: 117 creatures vanquished

Notes
Turn   | Place    | Note
-------+----------+-------------------------------------------
     0 | D:1      | MacCMillion the Troll Fighter began the quest for the Orb.
     0 | D:1      | Reached XP level 1. HP: 22/22 MP: 0/0
   116 | D:1      | Reached XP level 2. HP: 29/29 MP: 1/1
   155 | D:1      | Found a faded altar of an unknown god.
   663 | D:2      | Reached XP level 3. HP: 36/36 MP: 2/2
   913 | D:2      | Reached skill level 3 in Unarmed Combat
  1438 | D:3      | Noticed a +0 demon blade
  1447 | D:3      | Reached XP level 4. HP: 44/44 MP: 3/3
  1447 | D:3      | Found Vataudgh's Weapon Shoppe.
  1449 | D:3      | Noticed a +0 lajatang
  1806 | D:3      | Reached skill level 4 in Unarmed Combat
  1806 | D:3      | Reached XP level 5. HP: 53/53 MP: 4/4
  2721 | D:4      | Reached XP level 6. HP: 58/61 MP: 5/5
  2883 | D:4      | Found Ximon's General Store.
  2894 | D:4      | Reached skill level 5 in Unarmed Combat
  3169 | D:5      | Entered Level 5 of the Dungeon
  3371 | D:5      | Found a stormy altar of Qazlal.
  3371 | D:5      | Noticed a sky beast
  3390 | D:5      | Killed a sky beast
  3391 | D:5      | Reached XP level 7. HP: 27/68 MP: 6/6
  3768 | D:5      | Found a runed translucent gate.
  3769 | D:5      | Found a runed translucent gate.
  3769 | D:5      | Found a runed translucent gate.
  3772 | D:5      | Noticed IndexError's ghost (novice DsFi)
  4233 | D:5      | Reached skill level 6 in Unarmed Combat
  4398 | D:5      | Found a radiant altar of Vehumet.
  4426 | D:5      | Found a shadowy altar of Dithmenos.
  4620 | D:6      | Reached XP level 8. HP: 78/78 MP: 7/7
  4807 | D:6      | Found a glowing silver altar of Zin.
  4880 | D:6      | Noticed a troll
  4891 | D:6      | HP: 3/79 [troll (18)]
  4892 | D:6      | Slain by a troll

Illustrated notes

Levels and vault maps discovered:
D:1:      doesnt_arrival_eight_statues, layout_basic,
          hellmonk_ecumenical_altar_pennies_from_heaven
D:2:      layout_loops_ring, reono_crystal_passage, lemuel_flame_loot_1
D:3:      layout_loops_ring, serial_bayou, serial_bayou_pond_a,
          serial_bayou_pond_c, serial_bayou_shore_a, serial_bayou_pond_a,
          serial_bayou_pond_e, serial_shops, nicolae_shop_mannequins
D:4:      layout_basic, serial_shops, nicolae_shop_just_a_little_nook
D:5:      layout_loops_corners, nicolae_qazlal_beasts_of_the_sky,
          mainiacjoe_overflow_two_lobes, ebering_ghost_rock_garden,
          chequers_serial_rivers_micro_c
D:6:      layout_basic, lemuel_crystal_altar, minmay_temple_entry_ruins,
          serial_co_window_serial, co_window_paths_a, co_window_corner_a,
          co_window_corner_a, co_window_paths_a, co_window_paths_a,
          co_window_corner_a, co_window_of_opportunity_a, co_window_broadway_c,
          co_window_of_opportunity_c, co_window_corner_b, co_window_paths_c,
          co_window_4corner_b, co_window_paths_e, glass_columns_b,
          glass_columns_b, glass_columns_c, glass_columns_b, glass_columns_b

Skill      XL: |  1  2  3  4  5  6  7 |
---------------+----------------------+-----
Shields        | 3 4 |  4.9
Unarmed Combat | 3 4 5 6 |  6.6
Fighting       | 3 4 |  4.4
Dodging        | 3 |  3.5

Action                     |  1- 3 |  4- 6 |  7- 9 || total
---------------------------+-------+-------+-------++-------
  Melee: Unarmed           |   129 |   164 |    73 ||   366
 Armour: Robe              |    40 |    32 |    10 ||    82
  Dodge: Dodged            |    36 |    44 |    27 ||   107
  Block: Kite shield       |    52 |    53 |    35 ||   140
